 Dungeon Crawl Stone Soup version 0.25-a0-424-g80bd347ae0 (webtiles) character file.

Game seed: 9596634739287298584, levelgen mode: deterministic

62 Lugonue the Ducker (level 3, -2/27 HPs)
             Began as a Demonspawn Gladiator on Jan 22, 2020.
             Killed by divine providence
             ... invoked by an orc priest
              (12 damage)
             ... on level 2 of the Dungeon.
             The game lasted 00:01:24 (689 turns).

Lugonue the Ducker (Demonspawn Gladiator)            Turns: 689, Time: 00:01:25

Health: -2/27      AC: 13    Str: 14    XL:     3   Next: 85%
Magic:  3/3        EV: 13    Int: 10    God:
Gold:   72         SH:  0    Dex: 14    Spells: 2/2 levels left

rFire    . . .     SeeInvis .   a - +0 rapier
rCold    . . .     Gourm    .   (no shield)
rNeg     . . .     Faith    .   b - +0 leather armour
rPois    .         Spirit   .   c - +0 helmet
rElec    .         Reflect  .   (no cloak)
rCorr    .         Harm     .   (no gloves)
MR       .....                  (no boots)
Stlth    +.........             (no amulet)
HPRegen  0.09/turn              (no ring)
MPRegen  0.08/turn              (no ring)

@: sanguine armour
A: sanguine armour 2
a: no special abilities


You were on level 2 of the Dungeon.
You were not hungry.

You visited 1 branch of the dungeon, and saw 2 of its levels.

You collected 72 gold pieces.

Inventory:

Hand Weapons
 a - a +0 rapier (weapon)
Missiles
 d - 3 throwing nets (quivered)
Armour
 b - a +0 leather armour (worn)
 c - a +0 helmet (worn)
Scrolls
 e - 5 scrolls of identify {unknown}
 g - a scroll of enchant armour {unknown}
 j - 2 scrolls of teleportation {unknown}
Potions
 h - a potion of might {unknown}
 i - 2 potions of magic {unknown}
 k - a potion of heal wounds {unknown}
 l - a potion of haste {unknown}
 m - a potion of lignification {unknown}
Comestibles
 f - 4 rations


   Skills:
 + Level 2.2 Fighting
 + Level 3.4 Short Blades
 + Level 1.8 Throwing
 + Level 0.7 Armour
 + Level 3.4 Dodging
 + Level 0.1 Stealth


You had 2 spell levels left.
You didn't know any spells.
Your spell library was empty.

Dungeon Overview and Level Annotations

Branches:
Dungeon (2/15)

Altars:


Innate Abilities, Weirdness & Mutations

When seriously injured, your bleeding wounds create thick armour. (AC +9)


Message History

You puncture the worm!
You kill the worm!
An orc priest comes into view. It is wielding a +0 mace.
An orc comes into view. It is wielding a +0 short sword.
An orc comes into view. It is wielding a -1 hand axe.
The orc completely misses you.
You puncture the orc!
You kill the orc!
The orc priest mumbles some strange prayers to Beogh against you.
Beogh smites you!
You are too injured to fight recklessly!
You are too injured to fight recklessly!
You are too injured to fight recklessly!
An adder comes into view.
The adder hisses angrily.
You hit the orc.
You kill the orc!
The orc priest mumbles some strange prayers to Beogh against you.
Beogh smites you!
You die...

#.#.# #†#
#.#.# #.#
###+#.#.#
#.#
#.....#.#
#.#
#....?#.#
#.#
#.$...#
#.#
#.....# #
#.###
#.....#.#
#....
#...)@..#
#####
#....)..#
#.......#
#.......#
###.ooo.#
#.....#
#..S..#
+.....#


You could see an orc priest, an adder and 2 orcs.

Vanquished Creatures
  2 oozes
  A worm (D:2)
  4 dart slugs (D:1)
  A leopard gecko (D:1)
  2 orcs (D:2)
  5 bats
  2 giant cockroaches (D:1)
  8 goblins
  3 hobgoblins (D:1)
  3 kobolds (D:1)
  7 rats (D:1)
38 creatures vanquished.

Notes
Turn   | Place    | Note
-------+----------+-------------------------------------------
     0 | D:1      | Lugonue the Demonspawn Gladiator began the quest for the
                  | Orb.
     0 | D:1      | Reached XP level 1. HP: 16/16 MP: 1/1
    74 | D:1      | Gained mutation: When seriously injured, your bleeding
                  | wounds create armour. (AC +9) [demonic ancestry]
    74 | D:1      | Reached XP level 2. HP: 14/22 MP: 2/2
   201 | D:1      | Gained mutation: When seriously injured, your bleeding
                  | wounds create thick armour. (AC +9) [demonic ancestry]
   201 | D:1      | Reached XP level 3. HP: 16/27 MP: 3/3
   689 | D:2      | Killed from afar by an orc priest

Levels and vault maps discovered:
D:1:      lemuel_arrival_behind_the_door_large, layout_rooms,
          kennysheep_small_spiral, minmay_worlds_worst_comb
D:2:      layout_basic

Skill      XL: |  1  2 |
---------------+-------+-----
Dodging        | 3 |  3.4
Short Blades   | 3 |  3.4
Fighting       | |  2.2
Throwing       | |  1.8
Armour         | |  0.7
Stealth        | |  0.1

Action                   || total
-------------------------++-------
Melee: Rapier            ||    96
 Stab: Distracted        ||     1
       Sleeping          ||     2
Armor: Leather armour    ||    21
Dodge: Dodged            ||    57

Table legend:
 A = Non-vault XP
 B = Vault XP
 C = Vault XP percentage of total XP
 D = Non-vault monster count
 E = Vault monster count
 F = Vault count percentage of total count
                 A         B        C        D         E       F
            +---------+---------+-------+---------+---------+-------
      Total |      85 |       4 |   4.5 |      36 |       2 |   5.3
            +---------+---------+-------+---------+---------+-------
        D:1 |      63 |       4 |   6.0 |      30 |       2 |   6.2
        D:2 |      22 |       0 |   0.0 |       6 |       0 |   0.0
            +---------+---------+-------+---------+---------+-------
